 Dungeon Crawl Stone Soup version 0.20-a0-972-gb9bd3e6 (webtiles) character file.

22553 nikopol the Cleaver (level 13, -4/124 HPs)
             Began as a Gargoyle Berserker on Apr 9, 2017.
             Was a High Priest of Trog.
             Slain by a polar bear (11 damage)
             ... in an ice cave.
             The game lasted 00:39:49 (12298 turns).

nikopol the Cleaver (Gargoyle Berserker)           Turns: 12298, Time: 00:39:49

Health: -4/124     AC: 31    Str: 27    XL:     13   Next: 1%
Magic:  13/13      EV: 14    Int:  9    God:    Trog [*****.]
Gold:   461        SH:  0    Dex: 12    Spells: 12/12 levels left

rFire    + + +     SeeInvis .   a - +4 hand axe (freeze)
rCold    . . .     Gourm    .   (no shield)
rNeg     + . .     Faith    .   H - +6 scale mail of Autotheism {rF++ rCorr}
rPois    ∞         Spirit   .   w - +1 helmet
rElec    +         Reflect  .   y - +0 cloak
rCorr    +         Harm     .   K - +2 pair of gloves
MR       +....                  (no boots)
Stlth    ..........             (no amulet)
Regen    0.3/turn               G - ring of protection from magic
MPRegen  0.2/turn               g - ring of protection from fire

@: berserking, very quick
A: negative energy resistance 1, electricity resistance, unbreathing,
petrification resistance, rot immunity, AC +9
a: Berserk, Trog's Hand, Brothers in Arms, Burn Spellbooks, Renounce Religion


You were in an ice cave.
You worshipped Trog.
Trog was extremely pleased with you.
You were very hungry.

You visited 2 branches of the dungeon, and saw 13 of its levels.
You also visited: Ice Cave.

You collected 713 gold pieces.
You spent 252 gold pieces at shops.

Inventory:

Hand Weapons
 a - a +4 hand axe of freezing (weapon)
 f - a +4 battleaxe of freezing
 z - a +3 shortbow
 P - a +1 great mace of protection
Missiles
 E - 142 arrows (quivered)
Armour
 o - the +7 chain mail "Torof" {*Corrode Str+10 Int-2 Stlth+}
   (You found it on level 9 of the Dungeon)

   It affects your strength (+10).
   It affects your intelligence (-2).
   It may corrode you when you take damage.
   It makes you more stealthy.
 w - a +1 helmet (worn)
 y - a +0 cloak (worn)
 H - the +6 scale mail of Autotheism (worn) {rF++ rCorr}
   (You bought it in a shop on level 7 of the Dungeon)

   It greatly protects you from fire.
   It protects you from acid and corrosion.
 K - a +2 pair of gloves (worn)
Jewellery
 g - a ring of protection from fire (right hand)
 j - an uncursed ring of ice
 D - an uncursed ring of magical power {unknown}
 G - a ring of protection from magic (left hand)
Wands
 m - a wand of lightning (9/15)
Scrolls
 d - 2 scrolls of enchant armour
 e - 2 scrolls of remove curse
 h - 3 scrolls of teleportation
 i - 2 scrolls of recharging {unknown}
 k - 2 scrolls of identify
 n - 3 scrolls of fear {unknown}
 p - 5 scrolls of amnesia {unknown}
 s - a scroll of enchant weapon {unknown}
 t - 2 scrolls of fog {unknown}
 v - 2 scrolls of immolation {unknown}
 x - a scroll of random uselessness {unknown}
 B - 2 scrolls of blinking {unknown}
 J - a scroll of brand weapon {unknown}
 L - a scroll of torment {unknown}
 M - a scroll of vulnerability {unknown}
 O - a scroll of acquirement {unknown}
Potions
 b - 2 potions of haste {unknown}
 q - 8 potions of curing
 r - a potion of cancellation {unknown}
 u - 2 potions of brilliance
 A - 3 potions of resistance
 C - 3 potions of flight {unknown}
 N - 2 potions of heal wounds
 R - a potion of berserk rage {unknown}
Comestibles
 c - 8 bread rations
 l - 5 fruits
 F - 4 chunks of flesh
 I - 6 meat rations
 Q - 2 royal jellies


   Skills:
 + Level 10.6 Fighting
 * Level 10.6 Axes
 * Level 9.6 Bows
 + Level 10.1 Armour
 + Level 7.6 Dodging


You had 12 spell levels left.
You didn't know any spells.

Dungeon Overview and Level Annotations

Branches:
Dungeon (9/15)             Temple (0/1) D:5            Lair (4/6) D:8
 Shoals (0/4) Lair:2       Spider (0/4) Lair:2
    Orc: D:9-12

Altars:
Ashenzari
Dithmenos
Makhleb
Okawaru
Qazlal
Ru
Trog
Vehumet
Wu Jian
Yredelemnul
Zin

Shops:
D:7 [

Annotations:
D:4 exclusion: statue


Innate Abilities, Weirdness & Mutations

You are resistant to torment.
Your stone body is resilient. (AC +9)
You are immune to poison.
You resist negative energy. (rN+)
You are resistant to electric shocks. (rElec)
You can survive without breathing.
You are immune to petrification.
You are immune to rotting.


Message History

The polar bear barely misses you.
You slash the polar bear! You freeze the polar bear.
The polar bear is almost dead.
The polar bear closely misses you.
The polar bear claws you but does no damage.
The polar bear closely misses you.
You closely miss the polar bear.
The polar bear is almost dead.
The polar bear barely misses you.
The polar bear claws you but does no damage.
The polar bear misses you.
A red film seems to cover your vision as you go berserk!
You feel yourself moving faster!
You feel mighty!
You are feeling very hungry.
The polar bear bites you!
* * * LOW HITPOINT WARNING * * *
The polar bear barely misses you. The polar bear claws you.
* * * LOW HITPOINT WARNING * * *
The polar bear bites you!
You die...

... .h# ..#
#h.## #####
..h# #∩#.##
.Y##
#....###..#
#.h....#..#
##@†.....(#
#####...##
#####


You could see a polar bear (berserk).

Vanquished Creatures
  Fannar (Lair:1)
  3 hydras
  Erica (D:8)
  2 two-headed ogres (D:9)
  Nergalle (D:8)
  2 oklob plants (Lair:2)
  A manticore (Lair:2)
  3 elephants
  4 black mambas
  3 spiny frogs
  3 komodo dragons
  A rime drake (Lair:4)
  4 polar bears
  A jumping spider (Lair:2)
  A troll (D:9)
  A hornet (D:7)
  8 blink frogs
  4 hippogriffs
  A wyvern (Lair:2)
  2 basilisks (Lair:2)
  5 yaks
  Grum (D:8)
  A hungry ghost (D:9)
  5 water moccasins
  Duvessa (D:6)
  11 porcupines
  2 orc warriors
  An ice beast (D:7)
  2 sky beasts
  2 black bears
  4 ogres
  A phantom (D:6)
  6 centaurs
  10 wolves
  4 crocodiles
  11 bullfrogs
  3 wyvern skeletons
  Dowan (D:6)
  A scorpion (D:9)
  2 vampire bats (D:6)
  5 wights (D:7)
  2 electric eels (Lair:2)
  3 crimson imps
  A quasit (D:6)
  An orc priest (D:7)
  4 hounds
  A bullfrog skeleton (D:8)
  Terence (D:3)
  5 iguanas
  4 orc wizards
  8 worker ants
  A howler monkey zombie (D:9)
  9 gnolls
  7 adders
  5 oozes
  An adder zombie (D:5)
  2 adder skeletons
  A worm (D:2)
  4 dart slugs
  5 leopard geckos
  34 orcs
  6 giant cockroaches
  15 hobgoblins
  5 jackals
  3 quokkas
  A ball python (D:2)
  15 bats
  7 frilled lizards
  14 goblins
  16 kobolds
  2 leopard gecko skeletons
  A leopard gecko zombie (D:7)
  A quokka skeleton (D:5)
  A quokka zombie (D:7)
  2 rats
  19 fungi
  12 plants
345 creatures vanquished.

Vanquished Creatures (others)
  2 death yaks (IceCv)
  2 yaks (IceCv)
  A wolf (IceCv)
  3 fungi
  3 plants
11 creatures vanquished.

Grand Total: 356 creatures vanquished

Notes
Turn   | Place    | Note
-------+----------+-------------------------------------------
     0 | D:1      | nikopol the Gargoyle Berserker began the quest for the Orb.
     0 | D:1      | Reached XP level 1. HP: 14/14 MP: 1/1
   102 | D:1      | Reached XP level 2. HP: 19/19 MP: 2/2
   434 | D:1      | Reached XP level 3. HP: 24/24 MP: 3/3
   436 | D:1      | Reached ** piety under Trog
   604 | D:2      | Found a burning altar of Makhleb.
   607 | D:2      | Reached XP level 4. HP: 25/29 MP: 4/4
   710 | D:2      | Found a basalt altar of Yredelemnul.
   854 | D:2      | Reached XP level 5. HP: 25/34 MP: 5/5
   901 | D:2      | Found a shadowy altar of Dithmenos.
  1536 | D:3      | Noticed Terence
  1542 | D:3      | Killed Terence
  1715 | D:3      | Found a glowing silver altar of Zin.
  1715 | D:3      | Noticed an angel
  1862 | D:3      | Reached *** piety under Trog
  2284 | D:4      | Reached XP level 6. HP: 39/39 MP: 6/6
  2332 | D:4      | Found a bloodstained altar of Trog.
  2959 | D:4      | Found a radiant altar of Vehumet.
  2979 | D:4      | Reached skill level 5 in Fighting
  3294 | D:5      | Entered Level 5 of the Dungeon
  3383 | D:5      | Found a staircase to the Ecumenical Temple.
  3441 | D:5      | Reached **** piety under Trog
  3570 | D:6      | Reached XP level 7. HP: 41/44 MP: 7/7
  3639 | D:6      | Found a sacrificial altar of Ru.
  3703 | D:6      | Noticed Duvessa
  3703 | D:6      | Noticed Dowan
  3708 | D:6      | Killed Dowan
  3716 | D:6      | Killed Duvessa
  3716 | D:6      | Reached skill level 5 in Armour
  3720 | D:6      | Reached XP level 8. HP: 47/51 MP: 8/8
  3832 | D:6      | Found an ornate altar of the Wu Jian Council.
  4242 | D:6      | Reached skill level 5 in Axes
  4447 | D:7      | Noticed a hornet
  4456 | D:7      | Killed a hornet
  4788 | D:7      | Reached ***** piety under Trog
  4788 | D:7      | Reached XP level 9. HP: 53/57 MP: 9/9
  4870 | D:7      | Found Babethus's Antique Armour Shop.
  4873 | D:7      | Bought an ichor-stained scale mail for 252 gold pieces
  4886 | D:7      | Identified the +6 scale mail of Autotheism {rF++ rCorr} (You bought it in a shop on level 7 of the Dungeon)
  5166 | D:8      | Reached skill level 5 in Dodging
  5181 | D:8      | Reached skill level 1 in Bows
  5303 | D:8      | Found an iron altar of Okawaru.
  5341 | D:8      | Found a stormy altar of Qazlal.
  5398 | D:8      | Noticed Grum
  5415 | D:8      | Killed Grum
  5658 | D:8      | You fall through a shaft!
  5671 | D:9      | Noticed a two-headed ogre
  5680 | D:9      | Killed a two-headed ogre
  5680 | D:9      | Reached XP level 10. HP: 64/64 MP: 10/10
  6383 | D:9      | Noticed a two-headed ogre
  6402 | D:9      | Killed a two-headed ogre
  6402 | D:9      | Reached skill level 5 in Bows
  7054 | D:9      | Got a faintly humming chain mail
  7116 | D:9      | Identified the +7 chain mail "Torof" {*Corrode Str+10 Int-2 Stlth+} (You found it on level 9 of the Dungeon)
  7422 | D:8      | Found a staircase to the Lair.
  7574 | D:8      | Found a shattered altar of Ashenzari.
  7835 | Lair:1   | Entered Level 1 of the Lair of Beasts
  7835 | Lair:1   | Noticed a spiny frog
  7857 | Lair:1   | Killed a spiny frog
  7857 | Lair:1   | Received a gift from Trog
  7874 | Lair:1   | Noticed Fannar
  8007 | Lair:1   | Noticed a five-headed hydra
  8020 | D:8      | Killed a five-headed hydra
  8020 | D:8      | Reached XP level 11. HP: 67/71 MP: 11/11
  8232 | Lair:1   | Killed Fannar
  8570 | Lair:1   | Noticed Erica
  8570 | Lair:1   | Noticed Nergalle
  8706 | D:8      | Killed Erica
  8760 | D:8      | Killed Nergalle
  9140 | Lair:2   | Noticed an oklob plant
  9194 | Lair:2   | Found a hole to the Spider Nest.
  9752 | Lair:2   | Found a staircase to the Shoals.
 10216 | Lair:2   | Noticed a manticore
 10238 | Lair:2   | Killed a manticore
 10238 | Lair:2   | Reached XP level 12. HP: 14/77 MP: 12/12
 10821 | Lair:3   | Noticed a five-headed hydra
 10833 | Lair:3   | Killed a five-headed hydra
 10833 | Lair:3   | Reached skill level 10 in Fighting
 10906 | Lair:3   | Reached skill level 10 in Axes
 11902 | Lair:4   | Received a gift from Trog
 11947 | Lair:4   | Noticed a six-headed hydra
 11953 | Lair:4   | Found a frozen archway.
 11971 | Lair:4   | Killed a six-headed hydra
 11971 | Lair:4   | Reached skill level 10 in Armour
 11984 | Lair:4   | HP: 3/78 [blink frog (6)]
 12221 | IceCv    | Entered an ice cave
 12274 | IceCv    | Killed a death yak
 12276 | IceCv    | Killed a death yak
 12285 | IceCv    | Reached XP level 13. HP: 50/83 MP: 13/13
 12298 | IceCv    | Slain by a polar bear

Vault maps used:
D:1:      dpeg_arrival_tiny_a
D:2:      marbit_many_paths, nicolae_dithmenos_shadow_blocks,
          makhleb_blood_cavern_becter
D:3:      zin_angel, uniq_terence
D:4:      corexii_shantytown, bloody_trog, vehumet_statue, first_bread
D:5:      temple_fountains, hex_intersection
D:6:      nicolae_ru_awakened_eye, nicolae_overflow_crystal_walls,
          hangedman_decor_lopped, roderic_batcave, uniq_duvessa
D:7:      serial_shops, kennysheep_mini
D:8:      ashenzari_altar_1, lemuel_doored_altar, okawaru_trees_2,
          grunt_lair_entry_orc_guard_hut, serial_park_tiny_2, uniq_grum
D:9:      minmay_bloctagon
Lair:1:   st_stairs_5, infiniplex_staircase_pool_2, uniq_fannar, uniq_erica,
          uniq_nergalle
Lair:2:   minmay_shoals_entry_beasts, dummy_spider_entry,
          minmay_lair_oklob_chamber, infiniplex_staircase_pool,
          grunt_megastairs_3
Lair:4:   portal_ice_cave_entry_animals_and_master
IceCv:    ice_cave_caverns_03

Skill      XL: |  1  2  3  4  5  6  7  8  9 10 11 12 |
---------------+-------------------------------------+-----
Fighting       | 4 5 6 7 8 9 10 | 10.6
Axes           | 3 4 5 7 8 9 10 | 10.6
Armour         | 3 4 5 6 7 8 9 10 | 10.1
Dodging        | 2 3 4 5 6 7 |  7.6
Bows           | 4 6 7 9 |  9.6

Action                   |  1- 3 |  4- 6 |  7- 9 | 10-12 | 13-15 || total
-------------------------+-------+-------+-------+-------+-------++-------
Melee: Hand axe          |    57 |   206 |   244 |   776 |    12 ||  1295
       Great mace        |       |       |       |    23 |       ||    23
 Fire: Shortbow          |       |       |    25 |   284 |       ||   309
Invok: Berserk           |       |     2 |     3 |    11 |     1 ||    17
       Burn Spellbooks   |       |     1 |       |     1 |       ||     2
       Trog's Hand       |       |       |       |     1 |       ||     1
       Brothers in Arms  |       |       |       |     1 |       ||     1
  Use: Scroll            |       |     2 |     4 |     5 |       ||    11
  Eat: Chunk             |       |    11 |     8 |    25 |       ||    44
       Royal jelly       |       |       |       |     4 |       ||     4
       Fruit             |       |       |       |     3 |       ||     3
Armor: Scale mail        |    23 |    93 |   136 |   428 |    13 ||   693
       Animal skin       |     1 |       |       |       |       ||     1
Dodge: Dodged            |    33 |   140 |   153 |   433 |    16 ||   775
